cohdb
Replays
Latest Replays
All Replays
Popular Replays
Top Player Replays
Match Explorer
How It Works
Community
CoH3 Stats
Reddit
Sign in to upload your games and track your stats! →
Sign in with Steam
Match 41891845
Unlisted
Match 41891845
Overview
Messages
Build Orders
End
Construct Infanterie Kompanie
Kettenkrad Recon Vehicle
Selects Terror Battlegroup
Selects Machine Gun Camouflage
MG 42 Machine Gun Team
Grenadier Squad
MG 42 Machine Gun Team
Grenadier Squad
Medical Bunker
Construct Luftwaffe Kompanie
Support Elements
Wirbelwind Flakpanzer
Jäger Squad
Jäger Squad
Luftwaffe Officer Quarters
Marder III M Tank Destroyer
Jäger Squad
Selects Defend the Fatherland
Construct Panzergrenadier Kompanie
Nebelwerfer 42 Rocket Launcher Team
Selects King Tiger Heavy Tank
Jäger Squad
Epic
TheChooChoo
سَۨفُـيٰانۨوٰس
mohamedkerdaoui
0
0
Comments
sign in to comment!
No comments posted yet!